Map: Ephemeron LE

Players

Khun (Ranger) - Winner!

  • Race: Protoss Protoss
  • Spawn Location: 5:00

Chanthorn

  • Race: Terran Terran
  • Spawn Location: 11:00

Event: SEA Games 2019

VOD

https://youtu.be/wLm4kESpVfw

Description

Time

  • Played on: Dec. 5, 2019, 5:11 a.m.
  • Length: 10:21

All games in this series

Show
View Real Time Build Order
Export as new Build Order

Khun Protoss - Winner!

Build Orders: 1 Gate Expand, Oracle Opening 

Get SALT Encoding   

  12  0:00  Probe  
  13  0:12  Probe  
  14  0:17  Pylon  
  14  0:25  Probe  
  15  0:36  Gateway  
  15  0:39  Probe (Chrono Boost)  
  16  0:45  Assimilator  
  16  0:48  Probe (Chrono Boost)  
  17  0:54  Probe  
  18  1:06  Probe  
  20  1:18  Probe  
  20  1:25  Nexus  
  20  1:34  Cybernetics Core  
  20  1:39  Assimilator  
  20  1:42  Probe  
  21  1:51  Pylon  
  21  1:54  Probe  
  22  2:07  Probe  
  22  2:08  Adept (Chrono Boost)  
  25  2:19  Stargate  
  25  2:21  Probe  
  26  2:25  Adept (Chrono Boost), Warp Gate  
  29  2:37  Probe (Chrono Boost)  
  29  2:38  Probe (Chrono Boost)  
  30  2:47  Probe (Chrono Boost)  
  30  2:49  Probe (Chrono Boost)  
  30  2:51  Adept  
  32  2:52  Probe (Chrono Boost)  
  35  2:58  Probe  
  35  3:03  Probe  
  40  3:05  Oracle  
  40  3:11  Probe  
  41  3:17  Probe  
  41  3:19  Pylon  
  42  3:24  Probe  
  42  3:25  Stalker  
  44  3:31  Assimilator  
  44  3:32  Probe  
  45  3:37  Assimilator  
  45  3:42  Oracle (Chrono Boost), Pylon  
  48  3:49  Probe  
  48  3:50  Probe, Gateway  
  50  3:56  Gateway  
  50  4:01  Probe  
  51  4:03  Probe  
  52  4:13  Probe, Pylon  
  52  4:16  Probe  
  54  4:18  Phoenix (Chrono Boost)  
  56  4:25  Probe  
  56  4:28  Probe, Robotics Facility  
  58  4:36  Pylon  
  58  4:37  Probe  
  59  4:40  Probe  
  60  4:50  Stalker  
  60  4:51  Shield Battery  
  62  4:54  Probe x2, Pylon  
  62  4:59  Stalker  
  66  5:08  Phoenix (Chrono Boost)  
  66  5:09  Probe  
  66  5:12  Nexus  
  69  5:17  Probe  
  69  5:22  Stalker x2  
  69  5:23  Probe  
  69  5:26  Pylon  
  74  5:31  Observer (Chrono Boost)  
  74  5:34  Probe  
  76  5:36  Probe  
  77  5:47  Sentry  
  79  5:50  Twilight Council  
  79  5:51  Forge  
  79  5:53  Probe x2  
  79  5:55  Robotics Bay  
  81  5:57  Pylon  
  81  6:05  Probe  
  81  6:08  Immortal  
  81  6:09  Sentry  
  81  6:10  Sentry  
  90  6:14  Probe (Chrono Boost), Pylon  
  90  6:17  Probe (Chrono Boost)  
  92  6:21  Protoss Ground Weapons Level 1 (Chrono Boost)  
  92  6:22  Blink (Chrono Boost)  
  93  6:26  Probe (Chrono Boost)  
  93  6:30  Probe (Chrono Boost)  
  95  6:33  Probe (Chrono Boost)  
  95  6:35  Probe  
  95  6:38  Probe  
  97  6:40  Assimilator  
  97  6:42  Shield Battery  
  97  6:43  Assimilator  
  97  6:44  Probe  
  98  6:47  Gateway  
  98  6:50  Colossus (Chrono Boost)  
  98  6:51  Extended Thermal Lance (Chrono Boost)  
  104  6:56  Probe x3  
  107  7:07  Gateway  
  107  7:08  Probe x2  
  109  7:09  Gateway  
  109  7:11  Pylon  
  109  7:13  Gateway  
  109  7:17  Pylon  
  109  7:19  Probe, Pylon  
  110  7:24  Probe  
  107  7:30  Nexus  
  107  7:33  Probe x2  
  109  7:38  Colossus  
  109  7:43  Probe  
  116  7:48  Gateway  
  116  7:50  Forge  
  116  8:01  Gateway  
  116  8:02  Probe, Gateway  
  111  8:09  Charge (Chrono Boost)  
  111  8:10  Protoss Ground Armor Level 1 (Chrono Boost)  
  111  8:23  Photon Cannon  
  111  8:24  Photon Cannon  
  111  8:26  Photon Cannon  
  111  8:28  Photon Cannon  
  111  8:32  Stalker x4  
  111  8:33  Sentry  
  124  8:38  Stalker  
  124  8:40  Colossus (Chrono Boost)  
  126  8:47  Assimilator  
  126  8:48  Assimilator  
  129  8:51  Dark Shrine  
  129  8:58  Shield Battery  
  129  8:59  Shield Battery, Sentry x2  
  129  9:00  Shield Battery  
  133  9:04  Pylon  
  133  9:09  Stalker x3  
  128  9:25  Stalker x6  
  128  9:26  Disruptor  
  143  9:31  Probe  
  143  9:34  Photon Cannon  
  138  9:41  Stalker x3  
  138  9:50  Stalker x3  
  145  9:52  Probe  
  145  9:53  Probe x2  
  147  10:08  Pylon  
  129  10:20  Stalker  
Show
View Real Time Build Order
Export as new Build Order

Chanthorn Terran 

Build Orders: Gas First Reaper Expand, Banshee Rush 

Get SALT Encoding   

  12  0:00  SCV  
  13  0:13  SCV  
  14  0:17  Supply Depot  
  14  0:25  SCV  
  15  0:31  Refinery  
  15  0:38  SCV  
  16  0:45  Barracks  
  16  0:50  SCV  
  17  1:03  SCV  
  18  1:16  SCV  
  19  1:32  Reaper, Orbital Command  
  20  1:48  Command Center  
  20  1:59  SCV  
  21  2:06  Factory  
  21  2:09  Barracks Reactor  
  21  2:12  Refinery  
  21  2:15  SCV  
  22  2:22  Supply Depot  
  22  2:27  SCV  
  23  2:44  SCV  
  24  2:56  SCV  
  24  2:57  Hellion x2  
  29  3:02  Starport, Orbital Command  
  29  3:08  SCV  
  29  3:09  Barracks Tech Lab  
  29  3:23  Hellion x2  
  29  3:24  SCV  
  34  3:27  SCV  
  35  3:36  SCV  
  36  3:42  SCV  
  36  3:46  Cloaking Field  
  36  3:47  Supply Depot  
  36  3:48  SCV  
  38  3:49  Banshee  
  38  3:54  Marine, SCV  
  43  4:00  SCV  
  42  4:03  Widow Mine  
  41  4:10  SCV  
  40  4:19  SCV  
  41  4:26  Marine  
  42  4:32  SCV  
  42  4:36  Banshee  
  46  4:39  SCV  
  46  4:44  Marine x2  
  46  4:45  Factory Tech Lab  
  46  4:48  SCV  
  46  4:51  SCV  
  47  5:01  Marine, SCV  
  47  5:02  Marine  
  47  5:06  SCV  
  51  5:13  SCV  
  52  5:16  Command Center  
  52  5:18  SCV  
  53  5:30  Barracks  
  53  5:33  SCV  
  54  5:35  Barracks  
  54  5:39  Starport Reactor, SCV  
  54  5:40  Stimpack  
  54  5:41  Cyclone  
  53  5:43  Marine  
  53  5:45  SCV  
  53  5:51  SCV  
  54  5:57  SCV  
  54  6:03  SCV  
  56  6:05  Refinery x2, Engineering Bay x2  
  56  6:07  Marine  
  56  6:09  SCV  
  58  6:15  SCV  
  58  6:16  Supply Depot  
  59  6:20  Marine  
  59  6:21  SCV  
  59  6:22  Marine  
  60  6:25  Marine  
  60  6:26  Starport Reactor  
  60  6:29  SCV  
  61  6:33  SCV  
  61  6:34  Terran Infantry Weapons Level 1, Terran Infantry Armor Level 1  
  61  6:37  Marine x2  
  64  6:42  Orbital Command  
  64  6:43  Marine  
  64  6:44  Marine  
  64  6:46  SCV  
  67  6:48  SCV  
  67  6:51  Marine  
  69  6:55  Marine  
  69  6:58  SCV  
  71  7:03  Medivac  
  71  7:05  Medivac  
  71  7:06  Barracks, Marine  
  71  7:08  Marine, Barracks  
  77  7:11  Marauder  
  77  7:13  Orbital Command  
  80  7:15  SCV x2  
  80  7:20  Marine  
  82  7:27  SCV x2  
  82  7:29  Marine  
  84  7:36  Supply Depot  
  85  7:39  Supply Depot  
  85  7:44  Combat Shield, Supply Depot, Armory  
  85  7:45  Marauder, Marine x2, SCV x2  
  85  7:47  Marine  
  85  7:48  SCV  
  93  7:54  Marine  
  93  7:57  SCV x2  
  93  8:00  SCV  
  93  8:02  Marauder  
  93  8:03  Marine  
  97  8:06  Marauder  
  97  8:07  Barracks Tech Lab  
  97  8:08  Medivac x2  
  97  8:09  SCV x2  
  104  8:12  Supply Depot  
  104  8:13  SCV  
  104  8:15  Marine x3  
  108  8:22  Supply Depot x2  
  108  8:26  Ghost Academy  
  110  8:28  Marauder x2, Marine  
  110  8:31  Missile Turret  
  110  8:33  Missile Turret  
  113  8:37  Missile Turret  
  113  8:38  Marine  
  113  8:40  SCV  
  115  8:41  SCV  
  115  8:42  Marine  
  115  8:43  Marine  
  115  8:46  Marine  
  125  9:01  Ghost x2  
  125  9:02  Command Center  
  123  9:03  Marine x2  
  123  9:08  Marine  
  123  9:09  Marauder  
  115  9:17  Marine  
  115  9:19  SCV  
  115  9:20  Marine  
  115  9:21  Marine  
  101  9:24  Factory Reactor  
  101  9:25  SCV  
  101  9:26  Starport  
  101  9:30  Marauder x3  
  108  9:34  Marine  
  108  9:35  Marine, SCV  
  108  9:38  Medivac, Marine  
  111  9:39  Marine  
  96  9:51  Marauder, Marine  
  96  9:52  Marauder, Marine  
  97  9:56  Marine  
  97  9:57  Marine  
  101  10:02  Refinery x2  
Tags
 
Add a new tag
Caveats
  • Supply blocks, unpowered buildings, or Contaminate may cause inaccurate times.
  • Supply counts are checked every 10 seconds.